 Dungeon Crawl Stone Soup version 0.30-a0-919-g9323dee000 (console) character file.

Game seed: 13760240474648577915

25871 Ignak the Fighter (level 13, -22/128 HPs)
             Began as an Ogre Hedge Wizard on Mar 21, 2023.
             Was a High Priest of Okawaru.
             Annihilated by an ettin
             ... wielding a +0 dire flail
              (35 damage)
             ... on level 1 of the Orcish Mines.
             The game lasted 00:52:40 (19452 turns).

Ignak the Fighter (Ogre Hedge Wizard)              Turns: 19452, Time: 00:52:40

Health: -22/128    AC: 10    Str: 20 (22) XL:     13   Next: 22%
Magic:  25/25      EV:  9    Int: 18 (20) God:    Okawaru [*****.]
Gold:   598        SH:  0    Dex:  3 (6)  Spells: 2/28 levels left

rFire   . . .      SeeInvis +    b - +2 giant spiked club (drain)
rCold   . . .      Faith    .    (shield currently unavailable)
rNeg    . . .      Spirit   .    E - +0 acid dragon scales
rPois   .          Reflect  .    N - +1 hat
rElec   .          Rampage  .    i - +0 cloak
rCorr   +                        (gloves unavailable)
Will    +....                    (boots unavailable)
Stlth   +                        (no amulet)
HPRegen 0.41/turn                e - ring of see invisible
MPRegen 0.19/turn                y - +4 ring of slaying

@: wereblooded
A: large, unfitting armour, tough skin 1, horns 1, clever 1, deterioration 1,
strong 1, noise suppression
a: Renounce Religion, Heroism, Finesse, Duel


You were on level 1 of the Orcish Mines.
You worshipped Okawaru.
Okawaru was extremely pleased with you.
You visited 3 branches of the dungeon, and saw 14 of its levels.

You collected 1256 gold pieces.
You spent 658 gold pieces at shops.

Inventory:

Hand Weapons
 a - a +1 whip of electrocution
 b - a +2 giant spiked club of draining (weapon)
 c - a +4 mace of holy wrath
 p - a +0 morningstar
Missiles
 G - 5 poisoned darts
 J - 29 large rocks (quivered)
Armour
 i - a +0 cloak (worn)
 D - a +2 robe of willpower
 E - +0 acid dragon scales (worn)
 N - a +1 hat (worn)
Magical Staves
 f - a staff of air
 A - the staff of earth "Kixt" {Str+3}
   (You bought it in a shop on level 3 of the Dungeon)

   [staff of earth]

   Base accuracy: +5 Base damage: 5 Base attack delay: 1.2 This weapon's minimum
   attack delay (0.6) is reached at skill level 12.
   It falls into the 'Staves' category.
   It is a one-handed weapon.
Jewellery
 e - a ring of see invisible (left hand)
 r - a ring of magical power
 t - a +6 ring of strength
 v - a ring of willpower
 y - a +4 ring of slaying (right hand)
 B - a ring of willpower
 I - a +6 ring of intelligence
Wands
 g - a wand of polymorph (10)
 x - a wand of mindburst (16)
Scrolls
 h - 2 scrolls of blinking
 j - 2 scrolls of magic mapping
 l - 3 scrolls of poison
 m - a scroll of immolation
 q - a scroll of amnesia
 w - 6 scrolls of teleportation
 H - a scroll of vulnerability
 L - 3 scrolls of identify
 P - a scroll of fear
Potions
 d - a potion of magic
 k - a potion of lignification
 n - 4 potions of curing
 o - 2 potions of berserk rage
 s - 3 potions of haste
 u - 5 potions of flight
 C - a potion of resistance
 F - 2 potions of might
 K - a potion of heal wounds
 M - a potion of cancellation {unknown}
 O - a potion of invisibility
 Q - a potion of brilliance


   Skills:
 + Level 8.4 Fighting
 * Level 7.9 Maces & Flails
 - Level 5.0 Armour
 + Level 6.1 Dodging
 - Level 1.4 Stealth
 + Level 8.2 Spellcasting
 - Level 5.0 Conjurations
 + Level 4.5 Hexes
 - Level 0.8 Summonings
 + Level 5.3 Necromancy
 + Level 4.4 Translocations
 + Level 4.6 Transmutations
 - Level 5.0 Fire Magic
 - Level 5.0 Ice Magic
 - Level 2.0 Air Magic
 - Level 2.0 Poison Magic
 + Level 6.2 Invocations


You had 2 spell levels left.
You knew the following spells:

 Your Spells              Type           Power      Damage    Failure   Level
a - Magic Dart            Conj           100%       1d8       1%          1
b - Blink                 Tloc           46%        N/A       3%          2
c - Frozen Ramparts       Ice            50%        1d8       4%          3
d - Mephitic Cloud        Conj/Pois/Air  18%        N/A       11%         3
e - Vampiric Draining     Necr           26%        2d7       4%          3
f - Flame Wave            Conj/Fire      25%        2d8       16%         4
g - Anguish               Hex/Necr       12%        N/A       16%         4
x - Manifold Assault      Tloc           23%        N/A       21%         4
z - Wereblood             Tmut           24%        N/A       2%          2

Your spell library contained the following spells:

 Spells                   Type           Power      Damage    Failure   Level
 Apportation              Tloc           46%        N/A       1%          1
 Beastly Appendage        Tmut           48%        N/A       1%          1
 Freeze                   Ice            100%       1d10      1%          1
 Slow                     Hex            92%        N/A       1%          1
 Shock                    Conj/Air       80%        1d8       3%          1
 Cigotuvi's Dreadful Rot  Necr/Pois/Air  36%        N/A       4%          2
 Hailstorm                Conj/Ice       25%        3d7       4%          3
 Confusing Touch          Hex            23%        N/A       6%          3
 Spider Form              Tmut/Pois      19%        N/A       10%         3
 Swiftness                Air            14%        N/A       16%         3
 Passage of Golubria      Tloc           23%        N/A       21%         4
 Yara's Violent Unravell  Hex/Tmut       11%        3d6       45%         5
 Airstrike                Air            7%         2d(1-17)  47%         4
 Plasma Beam              Fire/Air       10%        2x1d23    63%         5
 Alistair's Intoxication  Tmut/Pois      12%        N/A       65%         5
 Enfeeble                 Hex            11%        N/A       100%        7
 Storm Form               Tmut/Air       9%         N/A       100%        7
 Fire Storm               Conj/Fire      12%        8d3       100%        9
 Call Imp                 Summ           Unusable   N/A       N/A         2
 Tukima's Dance           Hex            Unusable   N/A       N/A         3
 Summon Lightning Spire   Summ/Air       Unusable   N/A       N/A         4

Dungeon Overview and Level Annotations

Branches:
Dungeon (11/15)            Temple (1/1) D:5            Lair (0/5) D:11
    Orc (2/2) D:11            Elf (0/3) Orc:2

Altars:
Ashenzari
Cheibriados
Dithmenos
Elyvilon
Fedhas
Gozag
Hepliaklqana
Kikubaaqudgha
Makhleb
Nemelex Xobeh
Okawaru
Qazlal
Ru
Sif Muna
Trog
Uskayaw
Vehumet
Wu Jian
Xom
Yredelemnul
Zin
The Shining One

Shops:
D:3 ?:**[:   D:10 ?   Orc:2 [(*


Innate Abilities, Weirdness & Mutations

You are too large for most types of armour.
You have tough skin. (AC +1)
You have a pair of small horns on your head.
Your mind is acute. (Int +4, Str/Dex -1)
Your body sometimes deteriorates upon taking damage.
Your muscles are strong. (Str +4, Int/Dex -1)
You passively dampen the noise of your surroundings.


Message History

The orc sorcerer hits you with a +0 dagger. x2
You closely miss the orc sorcerer.
The ettin shouts in stereo!
Your headbutt misses the orc sorcerer.
The orc sorcerer is moderately wounded.
The orc sorcerer hits you but does no damage.
You closely miss the orc sorcerer.
The orc sorcerer is moderately wounded.
The orc sorcerer hits you with a +0 dagger.
The cyclops throws a large rock.
The large rock hits you!
You hit the orc sorcerer. You drain the orc sorcerer.
You headbutt the orc sorcerer!
The orc sorcerer is severely wounded.
The orc sorcerer hits you but does no damage. x2
The orc sorcerer attacks as you move away!
The orc sorcerer hits you with a +0 dagger.
The cyclops throws a large rock.
The large rock hits you!!
There is a stone staircase leading up, spattered with blood here.
You impale the orc sorcerer!!
You feel a bit better.
You kill the orc sorcerer!
Okawaru accepts your kill.
The cyclops throws a large rock.
The large rock barely misses you.
You hit the ettin but do no damage.
The cyclops throws a large rock.
The large rock hits you!
The ettin hits you with a +0 dire flail.
The ettin misses you.
You howl as the wereblood boils in your veins!
The cyclops throws a large rock.
The large rock barely misses you.
The ettin hits you with a +0 dire flail!!
* * * LOW HITPOINT WARNING * * *
The ettin hits you with a +3 great mace!!
* * * LOW HITPOINT WARNING * * *
Your body deteriorates!
You feel clumsy.
You climb upwards.
There is a stone staircase leading down, spattered with blood here.
Unknown command.
You impale the ettin!! You headbutt the ettin!
The ettin is heavily wounded.
The ettin hits you with a +0 dire flail!!
You die...

##.....#......####^.##
###...##......#....#
#................##
##......##......##
##..............).##
##............#.....###
##....####[....####....##
##.....####C....####.....##
##.##....##.[@....#........###
##...##....#..)#...#....###...# #
#...###........#......####(.(.#
###....####.....###....###...^.^.
.....#..###.....# #.....###....(.
....##...###...## ###.### ##...(#
..[.###...#.#### ### ####.#
...####.....# ### ###
.[...#......# ##.##


You could see an ettin.

Vanquished Creatures
  A stone giant (Orc:1)
  An ogre mage (Orc:2)
  A boulder beetle (D:11)
  6 two-headed ogres
  An orc knight (Orc:1)
  Pikel (D:8)
  4 orc sorcerers
  4 cyclopes
  Joseph (D:10)
  Psyche (D:8)
  2 kobold demonologists
  Maggie (D:6)
  2 polar bears (D:10)
  2 trolls
  The ghost of What the Magician, an amateur DsTm of Uskayaw (D:5)
  2 dream sheep (D:10)
  2 shadows
  19 yaks
  3 wraiths
  The ghost of glosham the Magician, an amateur MeDe (D:5)
  Eustachio (D:4)
  2 hogs (D:10)
  7 wargs
  An acid dragon (D:10)
  Duvessa (D:6)
  A sky beast (D:7)
  14 orc warriors
  An ice beast (D:5)
  5 black bears
  3 ogres
  A wolf (D:10)
  3 centaurs
  3 lemures
  A kobold brigand (D:8)
  6 bullfrogs
  3 jellies
  Dowan (D:6)
  3 killer bees (D:6)
  6 hounds
  6 orc priests
  3 iguanas
  2 sleepcaps
  13 orc wizards
  7 gnolls
  2 adders (D:5)
  A white imp (D:6)
  2 ufetubi (D:4)
  A worm (D:2)
  3 dart slugs
  57 orcs
  3 ball pythons
  8 endoplasms
  3 giant cockroaches
  5 goblins
  7 hobgoblins
  5 jackals
  4 quokkas
  2 bats (D:3)
  2 frilled lizards
  10 kobolds
  4 rats
269 creatures vanquished.

Vanquished Creatures (collateral kills)
  A black bear (D:4)
  A scorpion (D:4)
  6 adders
  An ufetubus (D:4)
  2 orcs (D:4)
  An endoplasm (D:4)
  A giant cockroach (D:2)
  2 goblins
  4 quokkas
  5 ball pythons
  2 bats
  A frilled lizard (D:3)
  2 kobolds
29 creatures vanquished.

Vanquished Creatures (others)
  An orc warlord (D:11)
  An ettin (Orc:2)
  2 two-headed ogres (Orc:2)
  An orc knight (Orc:1)
  A cyclops (Orc:1)
  A troll (Orc:1)
  2 wargs
  2 orc warriors
  2 ogres (Orc:1)
  8 fungi (Orc:2)
  3 plants (D:1)
  13 withered plants
37 creatures vanquished.

Grand Total: 335 creatures vanquished

Notes
Turn   | Place    | Note
-------+----------+-------------------------------------------
     0 | D:1      | Ignak the Ogre Hedge Wizard began the quest for the Orb.
     0 | D:1      | Reached XP level 1. HP: 16/16 MP: 5/5
   139 | D:1      | Reached skill level 1 in Conjurations
   139 | D:1      | Reached skill level 1 in Translocations
   239 | D:1      | Reached XP level 2. HP: 26/26 MP: 3/6
   261 | D:1      | Learned a level 2 spell: Blink
   264 | D:1      | Learned a level 2 spell: Call Imp
   699 | D:1      | Found a faded altar of an unknown god.
  1097 | D:2      | Reached XP level 3. HP: 32/32 MP: 1/8
  1226 | D:2      | Reached skill level 1 in Fighting
  1395 | D:2      | Reached XP level 4. HP: 38/41 MP: 4/9
  1443 | D:2      | Learned a level 3 spell: Mephitic Cloud
  1523 | D:2      | Reached skill level 1 in Armour
  2018 | D:3      | Found Walirph's Armour Shop.
  2073 | D:3      | Found Baisiweh's Vocational Training.
  2110 | D:3      | Reached XP level 5. HP: 46/48 MP: 11/11
  2227 | D:3      | Found Fuwn's General Store.
  2237 | D:3      | Bought a potion of heal wounds for 65 gold pieces
  2263 | D:3      | Reached skill level 1 in Air Magic
  2275 | D:3      | Learned a level 3 spell: Frozen Ramparts
  2350 | D:3      | Found Qiubrehe's Magic Scroll Boutique.
  2392 | D:3      | Found Yruze's Book Shop.
  2617 | D:3      | Found Fyab's Assorted Antiques.
  2967 | D:4      | Noticed a black bear
  2992 | D:4      | Killed a black bear
  2993 | D:4      | Reached skill level 1 in Maces & Flails
  2993 | D:4      | Reached skill level 1 in Ice Magic
  2993 | D:4      | Reached skill level 1 in Poison Magic
  2993 | D:4      | Reached XP level 6. HP: 35/57 MP: 12/12
  3621 | D:5      | Entered Level 5 of the Dungeon
  3870 | D:5      | Found a runed translucent gate.
  3871 | D:5      | Found a runed translucent gate.
  3872 | D:5      | Found a runed translucent gate.
  3874 | D:5      | Noticed Eustachio
  4132 | D:4      | Killed Eustachio
  4133 | D:4      | Reached XP level 7. HP: 66/66 MP: 13/13
  4589 | D:3      | Bought an iridescent staff for 204 gold pieces
  4589 | D:3      | Identified the staff of earth "Kixt" {Str+3} (You bought it
                  | in a shop on level 3 of the Dungeon)
  4662 | D:5      | Found a staircase to the Ecumenical Temple.
  4671 | Temple   | Entered the Ecumenical Temple
  4769 | Temple   | Became a worshipper of Warmaster Okawaru
  4849 | D:5      | Learned a level 3 spell: Vampiric Draining
  5419 | D:5      | Noticed What's ghost (amateur DsTm)
  5420 | D:5      | Noticed glosham's ghost (amateur MeDe)
  5450 | D:6      | Noticed Maggie
  5652 | D:5      | Reached skill level 1 in Necromancy
  5652 | D:5      | Reached XP level 8. HP: 33/75 MP: 15/15
  6314 | D:6      | Killed Maggie
  6315 | D:6      | Reached skill level 5 in Spellcasting
  6446 | D:6      | Identified the +0 ring mail of Ubiquitous Joy {rPois rF+
                  | Stlth+}
  6632 | D:6      | Reached * piety under Okawaru
  6790 | D:6      | Noticed Duvessa
  6902 | D:6      | Noticed Dowan
  6917 | D:6      | Killed Duvessa
  6923 | D:6      | Killed Dowan
  7189 | D:6      | Found a sacrificial altar of Ru.
  7422 | D:6      | Reached XP level 9. HP: 83/84 MP: 16/16
  7925 | D:3      | Bought a scroll of brand weapon for 133 gold pieces
  8066 | D:7      | Reached skill level 1 in Invocations
  8288 | D:7      | Reached ** piety under Okawaru
  8497 | D:7      | Gained mutation: You sometimes lose your temper in combat.
                  | [potion of mutation]
  8497 | D:7      | Gained mutation: You are partially covered in large bone
                  | plates. (SH +4) [potion of mutation]
  8497 | D:7      | Gained mutation: Your muscles are strong. (Str +4, Int/Dex
                  | -1) [potion of mutation]
  8500 | D:7      | Lost mutation: You sometimes lose your temper in combat.
                  | [potion of mutation]
  8500 | D:7      | Lost mutation: You are partially covered in large bone
                  | plates. (SH +4) [potion of mutation]
  8500 | D:7      | Gained mutation: Your mind is acute. (Int +4, Str/Dex -1)
                  | [potion of mutation]
  8500 | D:7      | Gained mutation: You passively dampen the noise of your
                  | surroundings. [potion of mutation]
  8500 | D:7      | Gained mutation: Your body sometimes deteriorates upon
                  | taking damage. [potion of mutation]
  8500 | D:7      | Gained mutation: You have a pair of small horns on your
                  | head. [potion of mutation]
  8827 | D:8      | Noticed Pikel
  8926 | D:8      | Killed Pikel
  9009 | D:8      | Found a stormy altar of Qazlal.
  9011 | D:8      | Noticed a two-headed ogre
  9018 | D:8      | Killed a two-headed ogre
  9018 | D:8      | Reached *** piety under Okawaru
  9019 | D:8      | Reached skill level 5 in Fighting
  9019 | D:8      | Reached XP level 10. HP: 83/96 MP: 18/18
  9085 | D:8      | Got Hasi's Commentary on Heat
  9091 | D:8      | Learned a level 4 spell: Anguish
  9096 | D:8      | Learned a level 4 spell: Flame Wave
  9393 | D:8      | Noticed Psyche
  9403 | D:8      | Killed Psyche
  9521 | D:8      | Found a bloodstained altar of Trog.
  9633 | D:8      | Found a snail-covered altar of Cheibriados.
  9638 | D:8      | Found an opulent altar of Gozag.
  9818 | D:9      | Reached skill level 1 in Fire Magic
  9827 | D:9      | Reached skill level 1 in Hexes
 10001 | D:9      | Noticed a two-headed ogre
 10020 | D:9      | Killed a two-headed ogre
 10020 | D:9      | Reached **** piety under Okawaru
 10021 | D:9      | Reached skill level 5 in Ice Magic
 10078 | D:9      | Noticed a two-headed ogre
 10090 | D:9      | Killed a two-headed ogre
 10317 | D:9      | Noticed a cyclops
 10339 | D:9      | Killed a cyclops
 10340 | D:9      | Reached skill level 5 in Maces & Flails
 10638 | D:9      | Reached XP level 11. HP: 88/105 MP: 16/20
 10983 | D:9      | Reached ***** piety under Okawaru
 11194 | D:10     | Entered Level 10 of the Dungeon
 11197 | D:10     | Found a huge runed translucent gate.
 11216 | D:10     | Reached skill level 5 in Armour
 11368 | D:10     | Reached skill level 1 in Transmutations
 11383 | D:10     | Noticed Joseph
 11389 | D:10     | Killed Joseph
 11508 | D:10     | Found Ximmung's Magic Scroll Shoppe.
 11674 | D:3      | Bought a book of Changes for 216 gold pieces
 11677 | D:3      | Learned a level 2 spell: Wereblood
 11729 | D:5      | Killed glosham's ghost
 11736 | D:5      | Killed What's ghost
 11986 | D:10     | Noticed a two-headed ogre
 12000 | D:10     | Killed a two-headed ogre
 12000 | D:10     | Received a gift from Okawaru
 12670 | D:10     | Found a huge runed translucent gate.
 12670 | D:10     | Found a huge runed translucent gate.
 12670 | D:10     | Found a huge runed translucent gate.
 12709 | D:10     | Bought a scroll of fear for 40 gold pieces
 12748 | D:11     | Found a radiant altar of Vehumet.
 12814 | D:10     | Reached skill level 5 in Necromancy
 12815 | D:10     | Reached skill level 5 in Dodging
 12820 | D:10     | Reached skill level 5 in Conjurations
 13588 | D:11     | Reached XP level 12. HP: 76/115 MP: 16/22
 13621 | D:11     | Found a staircase to the Lair.
 13703 | D:11     | Noticed a boulder beetle
 13732 | D:11     | Killed a boulder beetle
 14267 | D:11     | Found a staircase to the Orcish Mines.
 14941 | Orc:1    | Entered Level 1 of the Orcish Mines
 15451 | Orc:1    | Reached skill level 5 in Invocations
 16004 | Orc:1    | Noticed an orc warlord
 16330 | D:11     | Killed an orc warlord
 17106 | Orc:2    | Entered Level 2 of the Orcish Mines
 17119 | Orc:1    | Identified the +0 robe "Cejituor" {rF+ Will- Int+5}
                  | (Okawaru gifted it to you on level 1 of the Orcish Mines)
 17119 | Orc:1    | Received a gift from Okawaru
 17120 | Orc:1    | HP: 3/118 [orc knight/bolt (10)]
 17123 | Orc:1    | Reached skill level 5 in Fire Magic
 17445 | Orc:2    | Noticed an ettin
 17450 | Orc:2    | Found Furytiz's Antique Weapon Emporium.
 17465 | Orc:2    | Killed an ettin
 17673 | Orc:2    | Learned a level 4 spell: Manifold Assault
 17678 | Orc:2    | Found a staircase to the Elven Halls.
 17695 | Orc:2    | Noticed a two-headed ogre
 17695 | Orc:2    | Noticed a two-headed ogre
 17695 | Orc:2    | Noticed a two-headed ogre
 17695 | Orc:2    | Noticed a two-headed ogre
 17697 | Orc:2    | Noticed an ogre mage
 17702 | Orc:2    | Killed a two-headed ogre
 17702 | Orc:2    | Killed a two-headed ogre
 17723 | Orc:2    | Killed a two-headed ogre
 17727 | Orc:2    | Paralysed by an ogre mage for 2 turns
 17897 | Orc:1    | Killed a two-headed ogre
 17898 | Orc:1    | Reached XP level 13. HP: 72/127 MP: 25/25
 18236 | Orc:2    | Found Bilaso's Antique Armour Shop.
 18238 | Orc:2    | Noticed an ettin
 18250 | Orc:2    | Found Axkys's General Store.
 18250 | Orc:2    | Noticed a stone giant
 18579 | Orc:1    | Killed a stone giant
 19452 | Orc:1    | Annihilated by an ettin

Illustrated notes

Levels and vault maps discovered:
D:1:      ebering_trefoil_3fold, layout_loops_cross,
          shapermc_ecumenical_altar_flowoftime
D:2:      layout_basic, st_stairs_10, minmay_pentomino_r2
D:3:      layout_loops_cross, serial_shops, nicolae_diamond_shop,
          nicolae_lakefront_shop, nicolae_shop_temple_entry_statues_fountains,
          nicolae_diamond_shop, shop_statue, nicolae_shop_vocational
D:4:      layout_basic, kennysheep_flooded_box
D:5:      layout_cave_pools, minmay_temple_entry_glass,
          gammafunk_ghost_cemetery, minmay_quadrilaterals, uniq_eustachio
D:6:      layout_cave_pools, mainiacjoe_overflow_six_doors_small,
          minmay_misc_feat_secret_circle, uniq_maggie, uniq_duvessa
D:7:      layout_gridville
D:8:      layout_gridville, mainiacjoe_overflow_concentric_impassable,
          minitemple, dk_noncrumbling_2, uniq_pikel, uniq_psyche
D:9:      layout_long_grid
D:10:     lemuel_bear_cage, layout_loops_ring, serial_shops, shop, uniq_joseph
D:11:     layout_gridville, erik_lair_orcish_takeover,
          minmay_orc_entry_temple_small, minmay_liquid_box,
          nicolae_vehumet_altar_sigil
Temple:   minmay_temple_bridge_d
Orc:1:    layout_diamond_mine, nicolae_orc_bridge_out, nicolae_orc_tapped_out
Orc:2:    grunt_orc_gardens, layout_caves, grunt_orc_garden, grunt_orc_garden,
          grunt_orc_garden, grunt_orc_garden, basic_altar

Skill      XL: |  1  2  3  4  5  6  7  8  9 10 11 12 13 |
---------------+----------------------------------------+-----
Conjurations   | 1 2 3 4 5 |  5.0
Translocations | 1 2 3 4 |  4.4
Dodging        | 2 3 4 5 6 |  6.1
Fighting       | 1 2 3 4 5 6 8 |  8.4
Armour         | 1 2 3 4 5 |  5.0
Spellcasting   | 4 5 6 7 8 |  8.2
Air Magic      | 1 2 |  2.0
Maces & Flails | 1 2 4 5 6 7 |  7.9
Ice Magic      | 1 2 3 4 5 |  5.0
Poison Magic   | 1 2 |  2.0
Necromancy     | 1 2 4 5 |  5.3
Invocations    | 2 3 4 5 6 |  6.2
Fire Magic     | 2 4 5 |  5.0
Hexes          | 1 3 4 |  4.5
Transmutations | 2 4 |  4.6
Stealth        | |  1.4
Summonings     | |  0.8

Action                     |  1- 3 |  4- 6 |  7- 9 | 10-12 | 13-15 || total
---------------------------+-------+-------+-------+-------+-------++-------
  Melee: Dagger            |    15 |   171 |    97 |       |       ||   283
         Club              |    71 |       |       |       |       ||    71
         Punch             |     3 |     3 |       |     1 |       ||     7
         Giant spiked club |       |       |   107 |   286 |    27 ||   420
         Headbutt          |       |       |     2 |    65 |     8 ||    75
         Whip              |       |       |       |    55 |       ||    55
         Flail             |       |       |       |     4 |       ||     4
  Throw: Large rock        |       |       |       |    11 |       ||    11
   Cast: Magic Dart        |    17 |     1 |     9 |       |       ||    27
         Call Imp          |    11 |    23 |     4 |       |       ||    38
         Blink             |     1 |     4 |     6 |    14 |     1 ||    26
         Mephitic Cloud    |       |     8 |    17 |    20 |     1 ||    46
         Frozen Ramparts   |       |     1 |    12 |    23 |     2 ||    38
         Vampiric Draining |       |       |     2 |     3 |       ||     5
         Flame Wave        |       |       |       |     9 |       ||     9
         Wereblood         |       |       |       |    21 |     4 ||    25
         Anguish           |       |       |       |    25 |     9 ||    34
         Manifold Assault  |       |       |       |     1 |       ||     1
 Invoke: Heroism           |       |       |     1 |     6 |       ||     7
  Evoke: Wand              |       |       |     6 |     5 |       ||    11
    Use: Scroll            |       |     7 |    11 |     6 |     1 ||    25
         Potion            |       |     5 |     3 |     1 |       ||     9
   Stab: Sleeping          |       |     1 |       |       |       ||     1
         Confused          |       |     2 |       |     5 |       ||     7
 Armour: Robe              |    31 |    77 |    25 |       |       ||   133
         Acid dragon scale |       |       |   113 |   192 |    12 ||   317
  Dodge: Dodged            |    40 |    90 |   167 |   236 |    25 ||   558

Table legend: (Time is in decaauts)
 A = Elapsed time spent in this place.
 B = Non-inter-level travel time spent in this place.
 C = Inter-level travel time spent in this place.
 D = Time resting spent in this place.
 E = Time spent auto-exploring this place.
 F = Levels seen in this place.
 G = Mean time per level.
                   A        B        C        D        E       F      G
               +--------+--------+--------+--------+--------+-----+--------+
         Total |  19751 |  18653 |   1098 |   6743 |   7076 |  14 | 1410.8 |
       Dungeon |  16362 |  15368 |    994 |   4712 |   6608 |  11 | 1487.5 |
        Temple |    172 |     99 |     73 |      0 |     61 |   1 |  172.0 |
  Orcish Mines |   3216 |   3186 |     30 |   2031 |    407 |   2 | 1608.0 |
               +--------+--------+--------+--------+--------+-----+--------+

Top non-repeatable levels by time:
    D:11: 3281 daAuts
   Orc:1: 2610 daAuts
     D:5: 2076 daAuts
     D:9: 1721 daAuts
     D:4: 1488 daAuts
     D:6: 1381 daAuts
    D:10: 1309 daAuts
     D:8: 1200 daAuts
     D:3: 1087 daAuts
     D:2: 1049 daAuts
     D:1: 927 daAuts
     D:7: 837 daAuts
   Orc:2: 605 daAuts
  Temple: 172 daAuts
